 Dungeon Crawl Stone Soup version 0.18-a0-917-g8a3da5b (webtiles) character file.

26642 st0uf the Carver (level 13, 0/106 HPs)
             Began as a Formicid Fighter on Dec 26, 2015.
             Was the Champion of Makhleb.
             Slain by Kirke (15 damage)
             ... on level 5 of the Lair of Beasts on Dec 27, 2015.
             The game lasted 01:42:14 (14563 turns).

st0uf the Carver (Formicid Fighter)                Turns: 14563, Time: 01:42:14

Health: 0/106      AC:  0    Str: 25    XL:     13   Next: 59%
Magic:  13/21      EV: 16    Int:  9    God:    Makhleb [******]
Gold:   1223       SH:  0    Dex: 10    Spells: 0 memorised, 12 levels left

rFire  . . .     SeeInvis .     (weapon currently unavailable)
rCold  . . .     Gourm    .     (armour currently unavailable)
rNeg   . . .     Faith    .     (shield currently unavailable)
rPois  .         Spirit   .     (helmet unavailable)
rElec  .         Dismiss  .     (cloak currently unavailable)
rCorr  .         Reflect  .     (gloves currently unavailable)
SustAt .         Harm     .     (boots currently unavailable)
MR     +....                    (no amulet)
Stlth  +.........               (ring currently unavailable)
                                (ring currently unavailable)

@: pig-form, very quick, somewhat resistant to hostile enchantments, very
unstealthy
A: permanent stasis, dig shafts and tunnels, four strong arms, (antennae 0)
a: Dig, Shaft Self, Minor Destruction, Lesser Servant of Makhleb, Major
Destruction, Greater Servant of Makhleb, Renounce Religion


You were on level 5 of the Lair of Beasts.
You worshipped Makhleb.
Makhleb was exalted by your worship.
You were not hungry.
You were a filthy swine.
You visited 3 branches of the dungeon, and saw 16 of its levels.
You also visited: Sewer and Volcano.

You collected 1419 gold pieces.
You spent 196 gold pieces at shops.

Inventory:

Hand Weapons
 a - a +2 scimitar of slicing (melded)
 w - a +0 falchion of flaming
Armour
 c - a +0 shield (melded)
 j - a +0 chain mail (melded)
 k - a +1 pair of boots (melded)
 l - a +2 pair of gloves (melded)
 G - the +4 cloak "Jaeputish" (melded) {rN++ MP-9 Dex+2 Slay+3}
   (You found it on level 4 of the Dungeon)

   It affects your dexterity (+2).
   It affects your accuracy and damage with ranged weapons and melee attacks
   (+3).
   It greatly protects you from negative energy.
   It affects your magic capacity (-9).
Jewellery
 n - an uncursed ring of flight
 D - an uncursed ring of protection from fire
 H - a +3 amulet of reflection {unknown}
 K - a ring of poison resistance (melded)
 T - a +3 ring of dexterity (melded)
 Z - an uncursed ring of positive energy
Wands
 m - a wand of confusion (35/48)
 p - a wand of fireball (7/15)
 y - a wand of teleportation (2/9)
Scrolls
 b - 2 scrolls of identify
 e - 11 scrolls of remove curse
 h - a scroll of noise {unknown}
 r - a scroll of amnesia
 s - 2 scrolls of recharging
 B - 2 scrolls of summoning {unknown}
 C - 2 scrolls of magic mapping
Potions
 d - a potion of might
 g - 2 potions of cure mutation
 i - 2 potions of brilliance
 o - 2 potions of lignification
 u - 11 potions of curing
 v - 4 potions of ambrosia
 x - 3 potions of flight
 z - 3 potions of heal wounds
 X - a potion of agility
Books
 t - a book of Alchemy

   Spells                             Type                      Level
   a - Sublimation of Blood           Necromancy                   2
   b - Ignite Poison                  Fire/Transmutation/Poison    3
   c - Alistair's Intoxication        Transmutation/Poison         4
   d - Condensation Shield            Ice                          4
   e - Petrify                        Transmutation/Earth          4
   f - Irradiate                      Conjuration/Transmutation    5
 E - a book of Changes

   Spells                             Type                      Level
   a - Beastly Appendage              Transmutation                1
   b - Sticks to Snakes               Transmutation                2
   c - Spider Form                    Transmutation/Poison         3
   d - Ice Form                       Ice/Transmutation            4
   e - Blade Hands                    Transmutation                5
 F - a book of the Tempests

   Spells                             Type                      Level
   a - Static Discharge               Conjuration/Air              3
   b - Lightning Bolt                 Conjuration/Air              5
   c - Fireball                       Conjuration/Fire             5
   d - Tornado                        Air                          9
   e - Shatter                        Earth                        9
Comestibles
 f - 8 bread rations
 q - 17 fruits
 A - 11 chunks of flesh


   Skills:
 + Level 11.0 Fighting
 + Level 11.6 Long Blades
 + Level 10.8 Armour
 + Level 5.1 Dodging
 - Level 9.5 Shields
 * Level 11.3 Invocations


You had 12 spell levels left.
You didn't know any spells.

Dungeon Overview and Level Annotations

Branches:
Dungeon (10/15)            Temple (1/1) D:5            Lair (5/8) D:10
 Spider (0/4) Lair:4          Orc (0/2) D:9
  Swamp: Lair:3-6    Shoals: Lair:3-6

Altars:
Ashenzari
Cheibriados
Dithmenos
Elyvilon
Fedhas
Gozag
Kikubaaqudgha
Makhleb
Nemelex Xobeh
Okawaru
Pakellas
Qazlal
Ru
Sif Muna
Trog
Vehumet
Xom
Yredelemnul
Zin
The Shining One
Lugonu

Shops:
D:4 %   D:5 ?   D:6 }   D:8 [

Annotations:
Lair:5 Kirke, Rupert


Innate Abilities, Weirdness & Mutations

You are under a permanent stasis effect.
You can dig through walls and to a lower floor.
Your four strong arms can wield two-handed weapons with a shield.
((You have a pair of large antennae on your head (SInv).))


Message History

Kirke flickers and vanishes!
Deactivating autopickup; reactivate with Ctrl-A.
You miss something.
Your stasis keeps you stable.
You completely miss something. Something completely misses you.
You miss something. Something hits you.
You closely miss something.
You hear some strange, mumbled words.
Something summons some harpies!
You hit something. Something hits you.
You miss something.
The sphinx casts a spell.
Something smites you! Something hits you!!
* * * LOW HITPOINT WARNING * * *
Drink which item? (? for menu, Esc to quit)
You feel much better.
The sphinx mumbles some strange words.
Something smites you!
* * * LOW HITPOINT WARNING * * *
Something hits you!
You die...

#### #..# #..# ###..#
########## ##### ####....#
######....#...#
##.#.###.#....##
#.##........###
##.#...PP....###
#.P...........P #.#........#.#
####..............
P...##....####
#h##.............. ....###...#
##{HH............. .#### #####
#hh.....(.......# ##
##h.#..........##. # ###
#...###.......####
###########.#####..####...####
..##..##......{###...###.##
...##.......{.## #...# ###
...............###..##


You could see a sphinx, a harpy and 3 hogs.

Vanquished Creatures
  Gastronok (D:9)
  An ice dragon (Lair:4)
  A hydra (D:8)
  Erica (D:9)
  The ghost of George the Bludgeoner, a journeyman GrFi of Okawaru (D:9)
  Urug (Lair:4)
  A hill giant (D:7)
  A griffon (Lair:2)
  An orb spider (Lair:4)
  A sphinx skeleton (Volcano)
  3 black mambas
  4 fire drakes
  3 spiny frogs (Lair:5)
  A guardian mummy (Volcano)
  4 komodo dragons
  15 blink frogs
  A minotaur skeleton (Volcano)
  Grinder (D:6)
  Sigmund (D:6)
  2 vampires (Volcano)
  15 yaks
  2 flying skulls (Volcano)
  5 hippogriffs
  A wyvern (Lair:2)
  3 basilisks
  A hungry ghost (D:7)
  12 wolves
  Edmund (D:6)
  6 water moccasins
  Duvessa (D:6)
  9 porcupines
  3 orc warriors
  3 ice beasts
  5 centaurs
  2 ogres
  2 sky beasts (D:5)
  3 manticore skeletons (Volcano)
  5 crocodiles
  Blork the orc (D:4)
  3 big kobolds (D:8)
  Dowan (D:6)
  9 giant frogs
  A wyvern skeleton (D:8)
  6 scorpions
  3 troll skeletons (Volcano)
  5 killer bees (D:8)
  A wight (D:7)
  An electric eel (Lair:4)
  2 spriggan skeletons (Volcano)
  3 crimson imps
  A jelly (D:5)
  2 hounds
  A quasit (D:9)
  3 centaur zombies
  A giant frog skeleton (D:7)
  An orc priest (D:9)
  A two-headed ogre skeleton (Volcano)
  3 centaur skeletons
  7 iguanas
  5 orc wizards
  6 worker ants
  21 sheep
  3 mummies (Volcano)
  32 river rats
  A worker ant zombie (D:10)
  13 adders
  A shadow imp (D:8)
  4 oozes
  3 adder skeletons
  An adder zombie (D:7)
  2 worms (D:2)
  4 giant geckos
  26 orcs
  A ball python (D:4)
  9 bats
  3 giant cockroaches
  6 hobgoblins
  9 jackals
  9 kobolds
  6 quokkas
  A giant gecko skeleton (D:7)
  8 giant newts
  9 goblins
  2 jackal skeletons (D:4)
  A jackal zombie (D:8)
  12 rats
378 creatures vanquished.

Vanquished Creatures (others)
  2 fungi (D:10)
  3 plants
5 creatures vanquished.

Grand Total: 383 creatures vanquished

Notes
Turn   | Place    | Note
--------------------------------------------------------------
     0 | D:1      | st0uf the Formicid Fighter began the quest for the Orb.
     0 | D:1      | Reached XP level 1. HP: 18/18 MP: 1/1
   384 | D:1      | Reached XP level 2. HP: 23/25 MP: 2/2
   814 | D:2      | Found a basalt altar of Yredelemnul.
   845 | D:2      | Reached XP level 3. HP: 30/30 MP: 3/3
   886 | D:2      | Reached skill level 4 in Shields
   967 | D:2      | Reached XP level 4. HP: 33/37 MP: 4/4
  1616 | D:3      | Found an iron altar of Okawaru.
  1702 | D:3      | Reached XP level 5. HP: 42/42 MP: 5/5
  1729 | D:3      | Found a glowing drain.
  1765 | Sewer    | Entered a sewer
  1801 | Sewer    | Reached skill level 5 in Shields
  1929 | Sewer    | Noticed a crocodile
  1956 | Sewer    | Killed a crocodile
  2146 | D:3      | Reached XP level 6. HP: 48/48 MP: 6/6
  2381 | D:3      | Found a radiant altar of Vehumet.
  2808 | D:4      | Found Pyt Lixt's Food Shoppe.
  2824 | D:4      | Got a steaming cloak
  2831 | D:4      | Identified the +4 cloak "Jaeputish" {rN++ MP-9 Dex+2 Slay+3} (You found it on level 4 of the Dungeon)
  3160 | D:4      | Noticed Blork the orc
  3175 | D:4      | Killed Blork the orc
  3175 | D:4      | Reached skill level 6 in Shields
  3186 | D:4      | Reached XP level 7. HP: 51/55 MP: 0/7
  3423 | D:5      | Entered Level 5 of the Dungeon
  3497 | D:5      | Found a staircase to the Ecumenical Temple.
  3523 | Temple   | Entered the Ecumenical Temple
  3556 | Temple   | Became a worshipper of Makhleb the Destroyer
  3662 | D:5      | Reached skill level 1 in Invocations
  3785 | D:5      | Reached skill level 5 in Fighting
  3785 | D:5      | Reached skill level 5 in Armour
  3816 | D:5      | Found Toenimim's Magic Scroll Shoppe.
  3831 | D:5      | Bought a scroll of identify for 28 gold pieces
  3831 | D:5      | Bought 3 scrolls of identify for 84 gold pieces
  3831 | D:5      | Bought a scroll of identify for 28 gold pieces
  3831 | D:5      | Bought a scroll of identify for 28 gold pieces
  3831 | D:5      | Bought a scroll of identify for 28 gold pieces
  3968 | D:5      | Reached skill level 7 in Shields
  3968 | D:5      | Reached XP level 8. HP: 31/62 MP: 0/9
  4286 | D:5      | Reached * piety under Makhleb
  4922 | D:6      | Noticed Grinder
  4935 | D:6      | Killed Grinder
  5055 | D:6      | Found an oddly glowing altar of Pakellas.
  5055 | D:6      | Found Pakellas's Prime Provisions.
  5061 | D:6      | Reached XP level 9. HP: 69/69 MP: 2/11
  5070 | D:6      | Noticed Sigmund
  5090 | D:6      | Killed Sigmund
  5090 | D:6      | Reached skill level 8 in Shields
  5146 | D:6      | Reached skill level 5 in Long Blades
  5163 | D:6      | Found a deep blue altar of Sif Muna.
  5192 | D:6      | Found a shimmering altar of Xom.
  5280 | D:6      | Noticed Duvessa
  5303 | D:6      | Killed Duvessa
  5345 | D:6      | Noticed Dowan
  5363 | D:6      | Killed Dowan
  5388 | D:6      | Found a shadowy altar of Dithmenos.
  5388 | D:6      | Found a bloodstained altar of Trog.
  5406 | D:6      | Noticed Edmund
  5423 | D:6      | Killed Edmund
  5574 | D:7      | Reached skill level 5 in Invocations
  5809 | D:7      | Found a sacrificial altar of Ru.
  5862 | D:7      | Reached ** piety under Makhleb
  5896 | D:7      | Reached skill level 9 in Shields
  5969 | D:7      | Noticed a hill giant
  5984 | D:7      | Killed a hill giant
  5984 | D:7      | Reached XP level 10. HP: 52/79 MP: 5/14
  6500 | D:8      | Found an ancient bone altar of Kikubaaqudgha.
  6593 | D:8      | Found an iron altar of Okawaru.
  6767 | D:8      | Reached skill level 1 in Dodging
  6837 | D:8      | Found Qyefann's Antique Armour Emporium.
  7329 | D:8      | Noticed a three-headed hydra
  7333 | D:8      | Killed a one-headed hydra
  7531 | D:9      | Noticed George's ghost (journeyman GrFi)
  7584 | D:9      | Killed George's ghost
  7584 | D:9      | Reached XP level 11. HP: 62/86 MP: 7/16
  7742 | D:9      | Reached *** piety under Makhleb
  7747 | D:9      | Found an iron altar of Okawaru.
  7748 | D:9      | Found a sparkling altar of Nemelex Xobeh.
  7780 | D:9      | Found an oddly glowing altar of Pakellas.
  7833 | D:9      | Found a blossoming altar of Fedhas.
  7880 | D:9      | Found a staircase to the Orcish Mines.
  7904 | D:9      | Noticed Erica
  7925 | D:9      | Killed Erica
  8302 | D:9      | Found a glowing silver altar of Zin.
  8427 | D:9      | Noticed Gastronok
  8481 | D:9      | Killed Gastronok
  8620 | D:8      | Noticed an iron golem
  8620 | D:8      | Noticed an iron golem
  8620 | D:8      | Noticed an iron golem
  8620 | D:8      | Noticed an iron golem
  9090 | D:10     | Entered Level 10 of the Dungeon
  9090 | D:10     | Noticed a hill giant
  9190 | D:10     | Found a staircase to the Lair.
  9208 | D:10     | Reached **** piety under Makhleb
  9267 | Lair:1   | Entered Level 1 of the Lair of Beasts
  9404 | Lair:1   | Found a dark tunnel.
  9424 | Volcano  | Entered a volcano
  9495 | Volcano  | Reached XP level 12. HP: 95/95 MP: 9/18
 10009 | Lair:1   | Identified a scroll of acquirement
 10773 | Lair:2   | Reached ***** piety under Makhleb
 11236 | Lair:2   | Reached skill level 10 in Armour
 11321 | Lair:2   | Reached skill level 10 in Long Blades
 11597 | Lair:3   | Reached skill level 10 in Invocations
 11829 | Lair:3   | Reached skill level 10 in Fighting
 12772 | Lair:4   | Reached XP level 13. HP: 103/103 MP: 11/20
 12795 | Lair:4   | Found a hole to the Spider Nest.
 13286 | Lair:4   | Reached skill level 11 in Long Blades
 13410 | Lair:4   | Noticed Urug
 13598 | Lair:4   | Killed Urug
 13838 | Lair:4   | Reached skill level 5 in Dodging
 13987 | Lair:5   | Noticed Rupert
 14462 | Lair:5   | Reached ****** piety under Makhleb
 14534 | Lair:5   | Noticed Kirke
 14544 | Lair:5   | Noticed a sphinx
 14563 | Lair:5   | Slain by Kirke

Vault maps used:
D:1:      ncdulo_lavacross
D:2:      kennysheep_six_static_rooms, lemuel_crystal_altar, first_bread,
          kennysheep_generic_room_7
D:3:      vehumet_altar_wand_db, gup_sewer_entry_spiral,
          okawaru_ov_weapons_minmay
D:4:      serial_shops, nicolae_shop_crystal, corexii_hall_statues_l,
          uniq_blork_the_orc
D:5:      temple_pool_a, serial_shops, shop
D:6:      lemuel_crystal_altar, overflow_temple_1_default, minitemple,
          johnstein_pakellas_shop, uniq_sigmund, uniq_grinder, uniq_duvessa,
          uniq_edmund
D:7:      marbit_many_paths, serial_curves, eino_curves_03, eino_curves_01
D:8:      cheibrodos_stairvault_heist, kiku_gazebo_garden_becter, serial_shops,
          shop_coins, basic_altar, hangedman_ranch
D:9:      nicolae_overflow_hidden_temple, gammafunk_temple_overflow_statue,
          fedhas_altar_1, overflow_temple_1_default, david_orc_2,
          wad_floor_pattern_untrapped, uniq_erica, uniq_gastronok
D:10:     due_lair_maze_entry_diamond, hangedman_feature_mirror
Temple:   corrupted_temple
Lair:1:   enter_volcano_3
Lair:3:   grunt_forest_small_clearings, serial_bayou_shore_b
Lair:4:   dragon1_lemuel, nicolae_spider_entry_orb_guardian,
          nicolae_quartered_pool_medium, serial_bayou_shore_a, uniq_urug
Lair:5:   beast_lair_carwin_7, grunt_megastairs_4, uniq_rupert, uniq_nessos,
          uniq_kirke
Sewer:    sewer_the_crocodile
Volcano:  volcano_tomb

Action                   |  1- 3 |  4- 6 |  7- 9 | 10-12 | 13-15 || total
-------------------------+-------+-------+-------+-------+-------++-------
Melee: Long sword        |   122 |   242 |   311 |   126 |       ||   801
       Falchion          |       |       |       |   518 |       ||   518
       Scimitar          |       |       |       |   331 |   252 ||   583
       Unarmed           |       |       |       |       |     9 ||     9
 Abil: Dig               |       |     4 |       |    12 |     4 ||    20
  Use: Scroll            |       |     2 |     9 |    16 |       ||    27
       Potion            |       |       |     1 |     2 |     1 ||     4
 Stab: Distracted        |       |       |       |     1 |       ||     1
  Eat: Chunk             |       |     8 |    10 |    23 |     6 ||    47
       Fruit             |       |       |       |     2 |       ||     2
       Pizza             |       |       |       |     2 |       ||     2
